 Dungeon Crawl Stone Soup version 0.19.5 (webtiles) character file.

6282 tricornhat the Basher (level 10, -12/77 HPs)
             Began as a Demonspawn Berserker on Mar 21, 2017.
             Was a High Priest of Trog.
             Killed from afar by Nergalle (31 damage)
             ... with a bolt of negative energy
             ... on level 10 of the Dungeon.
             The game lasted 01:20:24 (10507 turns).

tricornhat the Basher (Demonspawn Berserker)       Turns: 10507, Time: 01:20:25

Health: -12/77     AC: 16    Str: 25    XL:     10   Next: 63%
Magic:  0/19       EV:  9    Int: 10    God:    Trog [*****.]
Gold:   635        SH:  0    Dex: 12    Spells: 0 memorised, 9 levels left

rFire  . . .     SeeInvis .     a - +0 mace
rCold  . . .     Gourm    .     k - +0 chain mail
rNeg   . . .     Faith    .     (no shield)
rPois  .         Spirit   +     (no helmet)
rElec  .         Reflect  .     (no cloak)
rCorr  .         Harm     .     t - +0 pair of gloves
MR     .....                    v - +1 pair of boots
Stlth  ..........               (no amulet)
                                (no ring)
                                s - ring of magical power

@: mighty, heavily drained
A: claws 1, icy blue scales 2, magic shield
a: Berserk, Trog's Hand, Brothers in Arms, Burn Spellbooks, Renounce Religion


You were on level 10 of the Dungeon.
You worshipped Trog.
Trog was extremely pleased with you.
You were not hungry.

You visited 1 branch of the dungeon, and saw 10 of its levels.

You collected 635 gold pieces.

Inventory:

Hand Weapons
 a - a +0 mace (weapon)
 b - a +0 shortbow
Missiles
 D - 69 arrows
Armour
 k - a +0 chain mail (worn)
 t - a +0 pair of gloves (worn)
 v - a +1 pair of boots (worn)
Jewellery
 s - a ring of magical power (left hand)
Wands
 d - a wand of paralysis (3/24)
 y - a wand of polymorph (11/24)
 I - a wand of lightning (0/15)
Scrolls
 g - 2 scrolls of enchant armour {unknown}
 j - 2 scrolls of identify
 m - 2 scrolls of remove curse
 o - a scroll of random uselessness {unknown}
 p - a scroll of fog
 q - a scroll of fear
Potions
 f - 2 potions of curing
 h - 4 potions of flight {unknown}
 l - a potion of invisibility
 u - 2 potions of mutation {unknown}
 w - 3 potions of agility
 z - a potion of brilliance {unknown}
 B - a potion of lignification {unknown}
 K - a potion of magic
Books
 H - a book of Minor Magic

   Spells                             Type                      Level
   a - Magic Dart                     Conjuration                  1
   b - Blink                          Translocation                2
   c - Call Imp                       Summoning                    2
   d - Repel Missiles                 Charms/Air                   2
   e - Slow                           Hexes                        2
   f - Conjure Flame                  Conjuration/Fire             3
   g - Mephitic Cloud                 Conjuration/Poison/Air       3
   Trog disapproves of the use of such an item.
Comestibles
 c - 10 bread rations
 x - 4 meat rations


   Skills:
 + Level 6.6(5.2) Fighting
 * Level 11.5(9.9) Maces & Flails
 + Level 2.1(0.9) Bows
 + Level 6.8(5.4) Armour
 + Level 3.8(2.5) Dodging
 + Level 0.8(0.0) Stealth
 + Level 0.6(0.0) Evocations


You had 9 spell levels left.
You didn't know any spells.

Dungeon Overview and Level Annotations

Branches:
Dungeon (10/15)            Temple (0/1) D:5            Lair (0/6) D:9
    Orc: D:9-12

Altars:
Makhleb
Beogh

Annotations:
D:7 exclusion: Joseph
D:10 Nergalle


Innate Abilities, Weirdness & Mutations

You have sharp fingernails.
You are mostly covered in icy blue scales. (AC +3)
When hurt, damage is shared between your health and your magic reserves.


Message History

The jackal barely misses you.
The spectral orc warrior hits you but does no damage.
Your chain mail prevents you from hitting the spectral orc knight.
The spectral orc knight is moderately damaged.
The bullfrog hits you but does no damage.
The adder bites you but does no damage. The jackal closely misses you.
The spectral orc knight hits you but does no damage.
Nergalle points at you and mumbles some strange words.
Orcish apparitions take form around you.
The spectral orc warrior hits you but does no damage.
The spectral orc knight misses you.
You completely miss the spectral orc knight.
The spectral orc knight is moderately damaged.
The bullfrog hits you but does no damage.
The adder barely misses you. The jackal barely misses you.
The bullfrog hits you but does no damage.
The spectral orc knight hits you but does no damage.
Nergalle points at you and mumbles some strange words.
The bolt of negative energy hits you!
You feel drained.
You die...

#. $# #.##.# #
#....# .# .
#....##.##..
#..........#
#...#..)..##
#####ZZS#....##.
#)...ZZ@ZZ......
#.....hFo....#.#
#......ZZZ..##..
#).........##..#
#.....##......##
#..... #.....##.
#..... #.....$..
#..... #.....##.


You could see Nergalle, 2 spectral orcs, 5 spectral orc warriors, 2 spectral orc
knights, a bullfrog, an adder and a jackal.

Vanquished Creatures
  Pikel (D:7)
  A cyclops (D:9)
  Maurice (D:10)
  Joseph (D:7)
  A troll (D:8)
  2 hippogriffs
  Sigmund (D:3)
  2 hungry ghosts
  2 wargs (D:9)
  An ice beast (D:6)
  A black bear (D:6)
  2 orc warriors (D:8)
  A sky beast (D:8)
  A necrophage (D:5)
  A phantom (D:4)
  A centaur (D:6)
  6 ogres
  A crocodile (D:8)
  Blork the orc (D:5)
  3 big kobolds
  A wyvern zombie (D:7)
  4 bullfrogs
  A gnoll sergeant (D:7)
  A howler monkey (D:8)
  5 crimson imps
  A bullfrog zombie (D:6)
  A centaur zombie (D:9)
  7 hounds
  A gnoll shaman (D:7)
  10 orc priests
  5 centaur skeletons
  An iguana (D:5)
  9 orc wizards
  5 worker ants
  6 gnolls
  7 adders
  2 shadow imps
  An ooze (D:7)
  2 adder zombies
  An adder skeleton (D:4)
  2 worms
  4 dart slugs
  6 leopard geckos
  51 orcs
  9 bats
  6 giant cockroaches
  11 hobgoblins
  19 jackals
  4 quokkas
  3 ball pythons
  5 frilled lizards
  6 goblins
  16 kobolds
  A leopard gecko zombie (D:7)
  6 rats
  2 plants (D:7)
253 creatures vanquished.

Vanquished Creatures (others)
  A slave (D:8)
  A big kobold (D:7)
  2 howler monkeys (D:8)
  2 hounds
  An iguana (D:7)
  A hound skeleton (D:7)
  A hobgoblin (D:7)
  A plant (D:7)
10 creatures vanquished.

Grand Total: 263 creatures vanquished

Notes
Turn   | Place    | Note
-------+----------+-------------------------------------------
     0 | D:1      | tricornhat the Demonspawn Berserker began the quest for the Orb.
     0 | D:1      | Reached XP level 1. HP: 18/18 MP: 1/1
    45 | D:1      | Gained mutation: You are partially covered in icy blue scales. (AC +2) [demonic ancestry]
    45 | D:1      | Reached XP level 2. HP: 1/24 MP: 2/2
   374 | D:1      | Reached skill level 3 in Maces & Flails
   596 | D:1      | Reached ** piety under Trog
   597 | D:1      | Reached XP level 3. HP: 28/29 MP: 3/3
  1927 | D:2      | Reached XP level 4. HP: 30/36 MP: 4/4
  2059 | D:3      | Noticed Sigmund
  2086 | D:3      | Killed Sigmund
  2086 | D:3      | Reached skill level 4 in Maces & Flails
  2086 | D:3      | Reached XP level 5. HP: 32/42 MP: 5/5
  2114 | D:3      | Gained mutation: You have sharp fingernails. [demonic ancestry]
  2114 | D:3      | Reached XP level 6. HP: 42/48 MP: 6/6
  2237 | D:3      | Reached skill level 5 in Maces & Flails
  2253 | D:3      | Reached *** piety under Trog
  2786 | D:4      | Reached XP level 7. HP: 36/54 MP: 7/7
  2918 | D:4      | Reached skill level 6 in Maces & Flails
  3048 | D:4      | Paralysed by an orc priest for 2 turns
  3166 | D:4      | Found a glowing drain.
  3788 | D:4      | Reached skill level 7 in Maces & Flails
  3911 | D:5      | Entered Level 5 of the Dungeon
  3954 | D:5      | Found a burning altar of Makhleb.
  4033 | D:5      | Gained mutation: When hurt, damage is shared between your health and your magic reserves. [demonic ancestry]
  4033 | D:5      | Reached XP level 8. HP: 54/61 MP: 8/8
  4199 | D:5      | Noticed Blork the orc
  4200 | D:5      | Reached **** piety under Trog
  4215 | D:5      | Killed Blork the orc
  4319 | D:5      | Noticed a hippogriff
  4338 | D:5      | Killed a hippogriff
  4338 | D:5      | Reached skill level 8 in Maces & Flails
  4574 | D:5      | Found a staircase to the Ecumenical Temple.
  4704 | D:5      | Reached skill level 5 in Fighting
  5470 | D:6      | Got a polished cloak
  5471 | D:6      | Identified the cursed -5 cloak of the Dungeon {Str+2 Int+2} (You found it on level 6 of the Dungeon)
  5826 | D:7      | Reached skill level 9 in Maces & Flails
  5826 | D:7      | Reached XP level 9. HP: 66/67 MP: 9/9
  6253 | D:7      | Noticed Pikel
  6285 | D:7      | Killed Pikel
  6285 | D:7      | Reached skill level 5 in Armour
  6643 | D:7      | Noticed Joseph
  6644 | D:7      | Paralysed by Joseph for 7 turns
  6655 | D:7      | Paralysed by Joseph for 6 turns
  6671 | D:7      | Paralysed by Joseph for 3 turns
  6679 | D:7      | Killed Joseph
  6679 | D:7      | Reached skill level 10 in Maces & Flails
  6679 | D:7      | Reached skill level 1 in Bows
  7115 | D:7      | Reached ***** piety under Trog
  7828 | D:8      | Gained mutation: You are mostly covered in icy blue scales. (AC +3) [demonic ancestry]
  7828 | D:8      | Reached XP level 10. HP: 75/76 MP: 10/10
  8037 | D:8      | Received a gift from Trog
  8312 | D:8      | Found a roughly hewn altar of Beogh.
  8891 | D:9      | Reached skill level 11 in Maces & Flails
  9191 | D:9      | Received a gift from Trog
  9328 | D:9      | Noticed a cyclops
  9344 | D:9      | Killed a cyclops
  9432 | D:8      | HP: 3/77 [crocodile (7)]
 10367 | D:9      | Identified a scroll of acquirement
 10415 | D:9      | Found a staircase to the Lair.
 10461 | D:10     | Entered Level 10 of the Dungeon
 10462 | D:10     | Noticed Maurice
 10470 | D:10     | Noticed Nergalle
 10493 | D:10     | Killed Maurice
 10507 | D:10     | Killed from afar by Nergalle

Skill      XL: |  1  2  3  4  5  6  7  8  9 10 |
---------------+-------------------------------+-----
Maces & Flails | 3 4 5 7 9 10 11 | 11.5
Armour         | 2 3 4 6 |  6.8
Dodging        | 2 3 |  3.8
Fighting       | 4 5 6 |  6.6
Bows           | 2 |  2.1
Stealth        | |  0.8
Evocations     | |  0.6

Action                   |  1- 3 |  4- 6 |  7- 9 | 10-12 || total
-------------------------+-------+-------+-------+-------++-------
Melee: Mace              |   157 |   212 |   791 |   339 ||  1499
 Fire: Shortbow          |       |       |    48 |     7 ||    55
Invok: Berserk           |       |     1 |     4 |     1 ||     6
Evoke: Wand              |       |       |       |     5 ||     5
  Use: Potion            |     1 |       |    11 |     5 ||    17
       Scroll            |     2 |       |    10 |     6 ||    18
 Stab: Sleeping          |     2 |       |       |       ||     2
       Distracted        |     1 |       |       |       ||     1
  Eat: Chunk             |     3 |     2 |    12 |     8 ||    25
       Bread ration      |       |     1 |       |       ||     1
       Fruit             |       |       |     5 |       ||     5
       Beef jerky        |       |       |     6 |     1 ||     7
       Pizza             |       |       |       |     1 ||     1
Armor: Animal skin       |    17 |       |       |       ||    17
       Chain mail        |    64 |   127 |   515 |   215 ||   921
Dodge: Dodged            |    81 |    97 |   307 |   194 ||   679
